AoeStats
← MZTK | JONVI

Arena

506978787Analyzed
4v4 RM · 15d ago on Sep 16, 2026· 63m 7s· 8 players
Game mode
Random Map
Map size
Large (8 player)
Population
200
Speed
Normal
Resources
Standard
Victory
Conquest
Starting age
Dark Age
Ending age
Imperial Age
RankedLock teamsTeams togetherTeam positionsShared explorationLock speedFull tech treeHidden civsTurbo modeCheats
Victory
Defeat
🇺🇸 Japanese · United States
1262
+15
🇦🇷 Sicilians · Argentina
1247
+16
🇸🇮 Saracens · Slovenia
1233
+16
🇦🇷 Huns · Argentina
1226
+16
🇲🇽 Cumans · Mexico
1446
-24
🇲🇽 Burgundians · Mexico
1315
-19
🇪🇸 Turks · Spain
1152
-12
🇲🇽 Portuguese · Mexico
1040
-8
IDWARE21
10:53 Feudal Age
15:09 Castle Age
13:45 Double-Bit Axe
13:44 Horse Collar
16:52 Scale Mail Armor
17:02 Forging
18:48 Loom
19:20 Squires
23:52 Chain Mail Armor
23:25 Gambesons
25:15 Wheelbarrow
25:03 Bow Saw
26:48 Heavy Plow
27:54 Gold Mining
28:57 Hand Cart
31:29 Iron Casting
31:46 Gold Shaft Mining
31:04 Stone Mining
32:18 Town Watch
35:52 Imperial Age
37:25 Fletching
37:37 Padded Archer Armor
37:22 Elite Skirmisher
38:08 Thumb Ring
38:28 Parthian Tactics
38:01 Bodkin Arrow
38:39 Plate Mail Armor
39:09 Blast Furnace
39:31 Two-Man Saw
39:11 Leather Archer Armor
39:35 Conscription
39:51 Hoardings
39:54 Fortified Wall
40:45 Chemistry
40:08 Ballistics
40:06 Bracer
43:42 Ring Archer Armor
43:46 Pikeman
45:01 Halberdier
45:29 Elite Samurai
46:33 Kataparuto
46:14 Yasama
51:19 Murder Holes
51:30 Siege Engineers
51:36 Masonry
59:20 Coinage
61:50 Guard Tower
61:46 Arrowslits
62:11 Fortified Wall
61:42 Treadmill Crane
m00n
11:01 Feudal Age
10:42 Loom
14:48 Castle Age
13:06 Double-Bit Axe
13:04 Horse Collar
15:02 Wheelbarrow
26:58 Bow Saw
31:02 Imperial Age
30:03 Scale Barding Armor
30:09 Forging
31:41 Hand Cart
31:51 Chain Barding Armor
31:27 Elite Mameluke
35:11 Bloodlines
35:02 Husbandry
35:07 Gold Mining
35:07 Stone Mining
35:24 Heavy Plow
36:25 Two-Man Saw
37:54 Plate Barding Armor
37:55 Iron Casting
37:27 Siege Engineers
37:44 Ballistics
41:31 Blast Furnace
40:46 Masonry
40:31 Murder Holes
41:45 Chemistry
41:37 Gold Shaft Mining
42:11 Coinage
44:24 Banking
45:27 Hoardings
45:14 Conscription
48:20 Onager
53:47 Capped Ram
54:57 Light Cavalry
56:40 Hussar
DiegoArmando
4:41 Loom
28:45 Feudal Age
29:34 Town Watch
29:54 Double-Bit Axe
34:31 Castle Age
34:30 Horse Collar
36:04 Wheelbarrow
36:06 Bow Saw
43:09 Hand Cart
48:00 Imperial Age
47:29 Scale Mail Armor
47:32 Pikeman
48:15 Squires
48:01 Gambesons
48:02 Arson
48:30 Forging
48:38 Chain Mail Armor
48:14 Halberdier
49:18 Conscription
50:05 Plate Mail Armor
50:10 Iron Casting
50:36 Iron Casting
52:20 Blast Furnace
61:38 Fletching
Vagatela
4:05 Loom
9:26 Feudal Age
9:48 Horse Collar
9:54 Double-Bit Axe
10:08 Gold Mining
16:09 Forging
16:04 Scale Barding Armor
18:38 Scale Barding Armor
19:40 Bloodlines
28:57 Castle Age
29:24 Wheelbarrow
30:34 Gold Shaft Mining
29:50 Stone Mining
30:12 Bow Saw
30:03 Heavy Plow
31:24 Husbandry
30:53 Light Cavalry
37:23 Imperial Age
35:09 Hand Cart
35:17 Chain Barding Armor
35:32 Iron Casting
35:17 Chain Barding Armor
46:21 Two-Man Saw
46:24 Plate Barding Armor
46:25 Iron Casting
45:38 Hussar
64:15 Blast Furnace
MZTK | ___Jaque_mate
10:11 Feudal Age
16:48 Castle Age
14:46 Double-Bit Axe
21:07 Horse Collar
21:40 Bow Saw
22:21 Loom
27:02 Imperial Age
25:58 Town Watch
28:58 Chemistry
28:20 Loom
30:45 Forging
36:02 Wheelbarrow
36:59 Bow Saw
40:38 Conscription
54:03 Guard Tower
58:30 Town Watch
MZTK | HUMANOID
8:44 Feudal Age
9:08 Loom
24:53 Double-Bit Axe
25:10 Horse Collar
30:38 Castle Age
29:28 Wheelbarrow
29:36 Scale Barding Armor
35:06 Imperial Age
32:22 Town Watch
33:00 Chain Barding Armor
32:51 Forging
32:39 Gold Mining
34:51 Bloodlines
35:09 Cavalier
36:25 Plate Barding Armor
37:40 Iron Casting
36:44 Paladin
40:32 Bow Saw
40:23 Heavy Plow
41:14 Capped Ram
44:06 Siege Ram
47:10 Blast Furnace
47:51 Fletching
49:03 Chemistry
48:24 Ballistics
47:40 Light Cavalry
50:54 Hand Cart
50:36 Bodkin Arrow
54:40 Padded Archer Armor
56:31 Town Patrol
55:59 Elite Skirmisher
60:10 Conscription
61:21 Hussar
62:31 Caravan
MZTK | JONVI
10:52 Feudal Age
13:35 Loom
17:45 Castle Age
17:59 Double-Bit Axe
17:58 Horse Collar
18:27 Padded Archer Armor
19:39 Leather Archer Armor
21:36 Ballistics
30:15 Imperial Age
29:12 Bow Saw
30:51 Town Watch
35:57 Elite Janissary
38:49 Ring Archer Armor
38:27 Scale Barding Armor
38:32 Forging
39:36 Bloodlines
39:26 Husbandry
41:32 Husbandry
41:57 Chain Barding Armor
42:13 Iron Casting
43:46 Wheelbarrow
44:30 Plate Barding Armor
44:55 Blast Furnace
43:46 Fletching
44:27 Ring Archer Armor
45:20 Conscription
48:54 Bodkin Arrow
50:43 Heavy Camel Rider
52:57 Heavy Scorpion
57:55 Two-Man Saw
MZTK | Dragneel
4:07 Loom
5:15 Double-Bit Axe
11:02 Feudal Age
14:50 Castle Age
13:07 Scale Mail Armor
13:52 Bow Saw
14:06 Horse Collar
22:14 Squires
22:31 Chain Mail Armor
27:41 Two-Man Saw
29:11 Wheelbarrow
28:23 Town Watch
32:47 Imperial Age
30:32 Heavy Plow
31:11 Hand Cart
32:26 Padded Archer Armor
32:39 Forging
34:31 Chemistry
34:19 Treadmill Crane
34:33 Capped Ram
39:41 Leather Archer Armor
39:19 Gold Mining
39:21 Stone Mining
40:05 Crop Rotation
41:22 Scale Barding Armor
41:50 Plate Mail Armor
41:56 Iron Casting
42:57 Fortified Wall
46:33 Town Patrol
48:59 Blast Furnace
49:42 Arson
54:08 Pikeman
57:13 Halberdier
59:30 Burgundian Vineyards
Connection lost

Rejoining the realm…

Still unreachable

The connection could not be restored.

Session expired

The server has moved on; the page needs a fresh start.